 Dungeon Crawl Stone Soup version 0.28-a0-1387-g3a22ab9bdc (webtiles) character file.

Game seed: 16006334197620426294

61 Sabo the Gusty (level 3, -3/26 HPs)
             Began as a Draconian Air Elementalist on Jan 3, 2022.
             Was a Believer of Lugonu.
             Slain by a gnoll (6 damage)
             ... on level 2 of the Dungeon.
             The game lasted 00:11:44 (2223 turns).

Sabo the Gusty (Draconian Air Elementalist)         Turns: 2223, Time: 00:11:45

Health: -3/26      AC:  6    Str: 10    XL:     3   Next: 83%
Magic:  0/7        EV: 12    Int: 17    God:    Lugonu [**....]
Gold:   39         SH:  0    Dex: 11    Spells: 7/8 levels left

rFire   . . .      SeeInvis .   c - +0 whip
rCold   . . .      Faith    .   (no shield)
rNeg    . . .      Spirit   .   (armour unavailable)
rPois   .          Reflect  .   (helmet restricted)
rElec   .          Harm     .   (no cloak)
rCorr   .          Rampage  .   (no gloves)
Will    .....                   g - +0 pair of boots
Stlth   ++........              (no amulet)
HPRegen 0.08/turn               (no ring)
MPRegen 0.10/turn               (no ring)

@: very slightly contaminated
A: AC +5, unfitting armour, cold-blooded
a: Renounce Religion, Depart the Abyss, Bend Space


You were on level 2 of the Dungeon.
You worshipped Lugonu.
Lugonu was pleased with you.
You visited 1 branch of the dungeon, and saw 2 of its levels.

You collected 39 gold pieces.

Inventory:

Hand Weapons
 c - a +0 whip (weapon)
Missiles
 a - 33 bolts
Armour
 g - a +0 pair of boots (worn)
Scrolls
 b - a scroll of fear
 d - a scroll of identify
 f - a scroll of teleportation {unknown}
Potions
 e - a potion of curing {unknown}
 h - a potion of heal wounds {unknown}


   Skills:
 + Level 0.2 Fighting
 + Level 0.2 Maces & Flails
 + Level 1.9 Dodging
 + Level 2.0 Stealth
 + Level 3.1 Spellcasting
 + Level 1.1 Conjurations
 + Level 3.6 Air Magic


You had 7 spell levels left.
You knew the following spells:

 Your Spells              Type           Power      Damage    Failure   Level
a - Shock                 Conj/Air       40%        1d5       6%          1

Your spell library contained the following spells:

 Spells                   Type           Power      Damage    Failure   Level
 Static Discharge         Conj/Air       10%        N/A       10%         2
 Swiftness                Air            14%        N/A       12%         3
 Airstrike                Air            7%         N/A       36%         4


Dungeon Overview and Level Annotations

Branches:
Dungeon (2/15)

Altars:
Lugonu

Shops:
D:1 [


Innate Abilities, Weirdness & Mutations

Your plain brown scales are hard. (AC +5)
You cannot fit into any form of body armour.
You are cold-blooded and may be slowed by cold attacks.


Message History

The zap hits the gnoll.
The gnoll is moderately wounded.
The zap hits the gnoll.
The gnoll is moderately wounded.
The gnoll barely misses you. Space bends around you!
You blink.
Casting: Shock (safe; 6% risk of failure)
Confirm with . or Enter, or press ? or * to list all spells.
Aiming: Shock (safe; 6% risk of failure)
Press: ? - help, Shift-Dir - straight line, f/p - gnoll
Aim: a gnoll, wielding a +0 flail (lightly wounded, 72% to hit)
The zap hits the gnoll.
The gnoll is moderately wounded.
The zap misses the gnoll.
A worm comes into view.
The worm bites you but does no damage.
Casting: Shock (safe; 6% risk of failure)
Confirm with . or Enter, or press ? or * to list all spells.
Aiming: Shock (safe; 6% risk of failure)
Press: ? - help, Shift-Dir - straight line, f/p - gnoll
Aim: a gnoll, wielding a +0 flail (lightly wounded, 72% to hit)
You miscast Shock.
You are very lightly contaminated with residual magic.
Nothing appears to happen.
The gnoll hits you but does no damage.
You barely miss the worm. You tail-slap the worm.
The worm is lightly wounded.
The gnoll barely misses you. The gnoll hits you with a +0 club.
The worm barely misses you.
You hit the worm.
The worm is moderately wounded.
The gnoll hits you with a +0 flail.
* * * LOW HITPOINT WARNING * * *
The gnoll barely misses you. The worm misses you.
The gnoll hits you but does no damage.
You hit the worm but do no damage.
The worm is moderately wounded.
The gnoll hits you with a +0 club.
* * * LOW HITPOINT WARNING * * *
The gnoll hits you with a +0 flail.
You die...

...........................#
.##...........#.#÷#........#
########...........####..#...
# #..........#.. ...... #
#.....)8..P## #... #
#.^.....8..# # #.........## #
#........### # #........w@##
# #........#gg###
########.########...#
.÷))..>..##########.##
####..........g......#
#.........#########
#....>....# #.........#
#.........#


You could see a worm and 2 gnolls.

Vanquished Creatures
  An adder (D:2)
  A gnoll (D:2)
  A ball python (D:2)
  4 bats
  3 endoplasms (D:1)
  7 goblins
  2 hobgoblins (D:1)
  7 jackals (D:2)
  A quokka (D:1)
  A ball python zombie (D:2)
  2 frilled lizards (D:1)
  2 kobolds (D:2)
  2 quokka zombies (D:2)
  3 rats
37 creatures vanquished.

Vanquished Creatures (others)
  7 withered plants (D:2)
7 creatures vanquished.

Grand Total: 44 creatures vanquished

Notes
Turn   | Place    | Note
-------+----------+-------------------------------------------
     0 | D:1      | Sabo the Draconian Air Elementalist began the quest for the
                  | Orb.
     0 | D:1      | Reached XP level 1. HP: 14/14 MP: 3/3
   136 | D:1      | Found Delao's Antique Armour Shoppe.
   324 | D:1      | Reached XP level 2. HP: 20/20 MP: 3/5
   580 | D:1      | Found a faded altar of an unknown god.
   586 | D:1      | Prayed at the altar of an unknown god.
   586 | D:1      | Became a worshipper of Lugonu the Unformed
   586 | D:1      | Reached * piety under Lugonu
   586 | D:1      | Reached ** piety under Lugonu
  1655 | D:2      | Reached XP level 3. HP: 26/26 MP: 0/6
  2223 | D:2      | Slain by a gnoll

Illustrated notes

Levels and vault maps discovered:
D:1:      dpeg_arrival_simpleton_a, layout_loops_ring, serial_shops,
          shop_fountains, hellmonk_ecumenical_altar_leap_of_faith
D:2:      layout_rooms, serial_undead, serial_undead_a, serial_undead_e,
          serial_undead_c, serial_undead_e, basic_altar

Skill      XL: |  1  2  3 |
---------------+----------+-----
Stealth        | 2 |  2.0
Spellcasting   | 3 |  3.1
Fighting       | |  0.2
Maces & Flails | |  0.2
Dodging        | |  1.9
Conjurations   | |  1.1
Air Magic      | |  3.6

Action                   || total
-------------------------++-------
Melee: Unarmed           ||     2
       Whip              ||    61
       Tailslap          ||     5
 Cast: Shock             ||    70
Invok: Bend Space        ||     1
  Use: Scroll            ||     1
Armor: Skin              ||    30
Dodge: Dodged            ||    41

Table legend: (Time is in decaauts)
 A = Elapsed time spent in this place.
 B = Non-inter-level travel time spent in this place.
 C = Inter-level travel time spent in this place.
 D = Time resting spent in this place.
 E = Time spent auto-exploring this place.
 F = Levels seen in this place.
 G = Mean time per level.
                   A        B        C        D        E       F      G
               +--------+--------+--------+--------+--------+-----+--------+
         Total |   2229 |   2229 |      0 |   1123 |      0 |   2 | 1114.5 |
       Dungeon |   2229 |   2229 |      0 |   1123 |      0 |   2 | 1114.5 |
               +--------+--------+--------+--------+--------+-----+--------+

Top non-repeatable levels by time:
     D:1: 1591 daAuts
     D:2: 638 daAuts
